Map: Crête de Lerilak

Players

Dalixam - Winner!

  • Race: Terran Terran
  • League: Silver
  • Spawn Location: 11:00

zidar

  • Race: Zerg Zerg
  • League: Silver
  • Spawn Location: 1:00

VOD

Have the link to the VOD?

Description

Time

  • Played on: Jan. 17, 2016, 9:21 a.m.
  • Length: 8:02
Show
View Real Time Build Order
Export as new Build Order

Dalixam Terran - Winner!

Build Orders: Mech 

Get SALT Encoding   

  12  0:01  SCV  
  13  0:13  SCV  
  14  0:27  Supply Depot  
  14  0:33  SCV  
  15  0:48  SCV  
  16  0:52  Barracks  
  16  1:00  Supply Depot, SCV  
  17  1:09  Barracks  
  17  1:12  SCV  
  17  1:15  Refinery  
  18  1:25  SCV  
  19  1:30  Refinery  
  19  1:42  SCV  
  19  1:44  Marine  
  21  1:57  SCV  
  21  1:58  Barracks Tech Lab  
  22  2:07  Marine, Barracks  
  23  2:22  Stimpack  
  23  2:23  Orbital Command  
  23  2:45  Factory  
  23  2:46  Marauder  
  23  2:49  Barracks Tech Lab  
  25  2:56  Barracks Reactor  
  25  3:04  Engineering Bay  
  25  3:05  SCV  
  25  3:12  Combat Shield  
  26  3:17  SCV  
  27  3:31  Supply Depot  
  28  3:34  Factory Tech Lab  
  27  3:42  SCV  
  28  3:54  SCV, Command Center  
  29  4:02  Siege Tank  
  32  4:19  Marine x2  
  32  4:20  Marauder  
  36  4:27  Supply Depot  
  36  4:45  Siege Tank  
  39  4:55  Supply Depot  
  39  4:58  Starport  
  39  5:01  Marine x2  
  39  5:03  Marauder  
  39  5:04  Concussive Shells  
  43  5:07  SCV  
  44  5:20  SCV  
  45  5:25  Marine x2  
  45  5:26  Marine x2  
  49  5:42  Planetary Fortress  
  49  5:43  Marine x2  
  51  5:50  Siege Tank  
  51  5:54  Marauder x2  
  58  6:01  Marine x2  
  58  6:03  SCV  
  61  6:15  SCV, Marine  
  61  6:16  Factory  
  63  6:22  Factory  
  63  6:27  SCV  
  64  6:37  SCV  
  64  6:39  SCV  
  66  6:43  Starport Tech Lab  
  66  6:47  Starport  
  66  6:49  Hellion  
  66  6:50  SCV  
  59  7:01  Marine, Marauder x2  
  59  7:02  SCV  
  59  7:03  SCV  
  64  7:09  Factory Tech Lab x2  
  64  7:14  SCV  
  64  7:15  SCV  
  66  7:17  Supply Depot  
  66  7:26  SCV  
  66  7:27  SCV  
  68  7:36  Bunker  
  68  7:39  SCV  
  68  7:40  Bunker x2  
  69  7:46  Bunker  
  68  8:01  Bunker  
Show
View Real Time Build Order
Export as new Build Order

zidar Zerg 

Build Orders: Hatch First 

Get SALT Encoding   

  12  0:02  Drone  
  13  0:12  Overlord  
  13  0:18  Drone  
  14  0:31  Drone x2  
  14  0:34  Drone  
  17  0:56  Hatchery  
  16  0:57  Drone  
  17  1:13  Spawning Pool  
  17  1:16  Drone  
  17  1:20  Extractor  
  17  1:21  Drone  
  17  1:25  Drone  
  18  1:33  Overlord  
  18  1:38  Drone  
  19  1:49  Drone  
  20  1:59  Queen  
  22  2:10  Queen  
  24  2:21  Zergling x8  
  28  2:28  Metabolic Boost  
  28  2:37  Overlord  
  28  2:48  Spine Crawler  
  28  2:49  Zergling x4  
  29  3:12  Baneling Nest  
  28  3:16  Zergling x10  
  28  3:17  Zergling x2  
  34  3:28  Overlord  
  34  3:30  Zergling x2  
  34  3:32  Zergling x2  
  36  3:45  Zergling x6  
  39  3:52  Zergling x4  
  39  3:54  Zergling x2  
  42  4:09  Overlord  
  42  4:56  Zergling x6  
  42  4:57  Zergling x12  
  51  5:01  Hatchery, Baneling x2  
  51  5:03  Baneling  
  51  5:06  Baneling  
  50  5:07  Baneling  
  50  5:08  Baneling  
  50  5:11  Baneling  
  50  5:12  Baneling  
  50  5:14  Baneling  
  50  5:17  Baneling  
  50  5:18  Baneling  
  50  5:20  Baneling  
  50  5:22  Baneling  
  50  5:23  Baneling  
  50  5:40  Drone  
  49  6:06  Zergling x6  
  47  6:42  Zergling x12  
  47  6:43  Zergling x10  
  33  7:13  Zergling x18  
  42  7:19  Queen  
  44  7:25  Baneling x7  
  44  7:26  Baneling x2  
  44  7:40  Zergling x6  
  44  7:41  Zergling x2  
Tags
 
Composition
Mech
Matchup
TvZ
Spawn Locations
Close Positions
Add a new tag
Caveats
  • Supply blocks, unpowered buildings, or Contaminate may cause inaccurate times.
  • Supply counts are checked every 10 seconds.